 Dungeon Crawl Stone Soup version 0.28-a0-1506-g3893175d92 (webtiles) character file.

Game seed: 17656723265655042503

655 bande the Chopper (level 7, -3/66 HPs)
             Began as a Gargoyle Fighter on Jan 14, 2022.
             Slain by a gnoll (5 damage)
             ... on level 5 of the Dungeon.
             The game lasted 00:08:37 (5037 turns).

bande the Chopper (Gargoyle Fighter)                Turns: 5037, Time: 00:08:39

Health: -3/66      AC: 23    Str: 19    XL:     7   Next: 54%
Magic:  7/7        EV:  2    Int:  9    God:
Gold:   98         SH:  5    Dex: 13    Spells: 6/6 levels left

rFire   . . .      SeeInvis .   a - +0 war axe
rCold   . . .      Faith    .   c - +0 buckler
rNeg    + . .      Spirit   .   (armour currently unavailable)
rPois   ∞          Reflect  .   (helmet currently unavailable)
rElec   .          Harm     .   (cloak currently unavailable)
rCorr   .          Rampage  .   (gloves currently unavailable)
Will    .....      NoTele   +   (boots currently unavailable)
Stlth   +.........              (no amulet)
HPRegen 0.21/turn               (no ring)
MPRegen 0.10/turn               (no ring)

@: tree-form, unable to read
A: stationary, stasis, torment immunity, boosted hp, sickness immunity, AC +4,
negative energy resistance 1, (electricity resistance), torment resistance 1,
petrification resistance, (fangs 1), agile 1, inability to read while threatened
a: no special abilities


You were on level 5 of the Dungeon.
You were a tree.
You visited 1 branch of the dungeon, and saw 5 of its levels.

You collected 98 gold pieces.

Inventory:

Hand Weapons
 a - a +0 war axe (weapon)
Armour
 c - a +0 buckler (worn)
 e - a +0 pair of boots (melded)
 m - a +0 helmet of intelligence (melded)
 v - a +0 plate armour (melded)
Jewellery
 g - a ring of protection from cold
 q - an amulet of magic regeneration
 x - a +4 ring of evasion
Wands
 l - a wand of acid (6)
 s - a wand of iceblast (9)
Scrolls
 h - 2 scrolls of silence
 k - 3 scrolls of amnesia
 o - a scroll of teleportation {unknown}
 p - a scroll of blinking {unknown}
 t - a scroll of magic mapping
 u - a scroll of holy word
 w - a scroll of identify
Potions
 b - a potion of flight {unknown}
 d - a potion of might
 f - a potion of invisibility
 i - a potion of magic {unknown}
 j - 2 potions of lignification
 n - a potion of degeneration {unknown}
 r - a potion of attraction {unknown}


   Skills:
 + Level 4.7 Fighting
 + Level 5.2 Axes
 + Level 4.5 Armour
 + Level 4.1 Shields
 * Level 2.5 Evocations


You had 6 spell levels left.
You didn't know any spells.
Your spell library was empty.

Dungeon Overview and Level Annotations

Branches:
Dungeon (5/15)
 Temple: D:4-7

Altars:


Innate Abilities, Weirdness & Mutations

You are a tree.
Your roots penetrate the ground, keeping you stationary.
You cannot be teleported.
You are immune to unholy pain and torment.
Your maximum health is greatly increased.
Your equipment is partially melded.
You are immune to sickness and miasma.
((Your stone body is resilient. (AC +4)))
You are immune to poison.
You resist negative energy. (rN+)
((You are resistant to electric shocks. (rElec)))
You are resistant to unholy torment.
You are immune to petrification.
((You have very sharp teeth.))
You are agile. (Dex +2)
You sometimes lose the ability to read scrolls when taking damage.


Message History

You block the gnoll sergeant's attack.
A gnoll comes into view. It is wielding a +0 spear.
The gnoll sergeant barely misses you.
You hit the gnoll sergeant. Your bite misses the gnoll sergeant.
The gnoll sergeant is lightly wounded.
The gnoll hits you but does no damage.
You hit the gnoll sergeant.
The gnoll sergeant is moderately wounded.
The gnoll hits you from afar with a +0 spear.
You block the gnoll sergeant's attack.
You hit the gnoll sergeant.
The gnoll sergeant is moderately wounded.
You hit the gnoll but do no damage. The gnoll hits you but does no damage.
The gnoll sergeant hits you with a +0 spear.
You feel threatened and lose the ability to read scrolls!
You block the gnoll's attack.
The gnoll hits you but does no damage. x2
You hit the gnoll sergeant.
The gnoll sergeant is moderately wounded.
You hit the gnoll but do no damage.
The gnoll sergeant hits you with a +0 spear!
The gnoll hits you from afar with a +0 spear!
You block the gnoll's attack.
The gnoll hits you from afar with a +0 spear.
* * * LOW HITPOINT WARNING * * *
The gnoll sergeant hits you but does no damage.
The gnoll hits you from afar with a +0 spear.
* * * LOW HITPOINT WARNING * * *
The gnoll sergeant hits you but does no damage.
The gnoll throws a stone.
The stone hits you.
* * * LOW HITPOINT WARNING * * *
The gnoll throws a stone.
The stone hits you.
* * * LOW HITPOINT WARNING * * *
It was a potion of lignification.
You turn into a tree.
Your +0 helmet of intelligence melds into your body.
Your +0 pair of boots melds into your body.
Your +0 plate armour melds into your body.
You feel stupid.
Your roots penetrate the ground.
The gnoll hits you from afar with a +0 spear.
You die...

#..................##
)<.######..........##
##.# ####...........#
##.# #..............##
.[...................##
......####...gg...##..#
.....# ##........###.#
..#... #.....g....##.#
......# #.....g.♣..####
..... #..........#
#..........#
....(.......#
...........##
..........## .........#
....###..


You could see a gnoll sergeant (resistant) and 3 gnolls.

Vanquished Creatures
  Eustachio (D:4)
  A water moccasin (D:4)
  An ice beast (D:4)
  A phantom (D:5)
  2 hounds
  A centaur skeleton (D:5)
  A scorpion zombie (D:5)
  A hound skeleton (D:5)
  4 adders
  An adder skeleton (D:4)
  2 worms
  2 dart slugs
  2 orcs (D:5)
  3 bats
  8 endoplasms
  4 giant cockroaches
  4 goblins
  8 hobgoblins
  4 jackals (D:5)
  3 quokkas
  6 ball pythons
  3 frilled lizards
  6 kobolds
  3 rats (D:2)
72 creatures vanquished.

Notes
Turn   | Place    | Note
-------+----------+-------------------------------------------
     0 | D:1      | bande the Gargoyle Fighter began the quest for the Orb.
     0 | D:1      | Reached XP level 1. HP: 14/14 MP: 1/1
    46 | D:1      | Found a faded altar of an unknown god.
   485 | D:1      | Reached XP level 2. HP: 6/19 MP: 2/2
  1940 | D:2      | Reached skill level 2 in Axes
  1940 | D:2      | Reached XP level 3. HP: 24/24 MP: 3/3
  2491 | D:2      | Reached XP level 4. HP: 29/29 MP: 4/4
  3050 | D:3      | Gained mutation: You are agile. (Dex +2) [potion of
                  | mutation]
  3050 | D:3      | Gained mutation: You sometimes lose the ability to read
                  | scrolls when taking damage. [potion of mutation]
  3050 | D:3      | Gained mutation: You have very sharp teeth. [potion of
                  | mutation]
  3494 | D:3      | Reached skill level 3 in Axes
  3494 | D:3      | Reached XP level 5. HP: 33/33 MP: 5/5
  3643 | D:4      | Noticed a water moccasin
  3653 | D:4      | Killed a water moccasin
  3654 | D:4      | Reached skill level 1 in Evocations
  3654 | D:4      | Reached XP level 6. HP: 38/38 MP: 6/6
  3738 | D:4      | Noticed an ice beast
  3754 | D:4      | Killed an ice beast
  3755 | D:4      | Reached skill level 4 in Axes
  4582 | D:5      | Entered Level 5 of the Dungeon
  4626 | D:5      | Noticed Eustachio
  4637 | D:5      | Reached XP level 7. HP: 42/44 MP: 7/7
  4648 | D:4      | Killed Eustachio
  4649 | D:4      | Reached skill level 5 in Axes
  5036 | D:5      | HP: 1/44 [gnoll/stone (4)]
  5037 | D:5      | Slain by a gnoll

Illustrated notes

Levels and vault maps discovered:
D:1:      psy_arrival_terrarium, layout_basic,
          shapermc_ecumenical_altar_mp_highgroup
D:2:      layout_loops_ring
D:3:      layout_loops_ring
D:4:      layout_basic
D:5:      layout_rooms, amcnicky_altar_lugonu_corruption, uniq_sigmund,
          uniq_eustachio

Skill      XL: |  1  2  3  4  5  6  7 |
---------------+----------------------+-----
Axes           | 2 3 4 5 |  5.2
Armour         | 4 |  4.5
Fighting       | 4 |  4.7
Evocations     | 1 2 |  2.5
Shields        | 4 |  4.1

Action                   |  1- 3 |  4- 6 |  7- 9 || total
-------------------------+-------+-------+-------++-------
Melee: War axe           |    92 |   137 |    34 ||   263
       Bite              |       |    18 |     2 ||    20
  Use: Scroll            |     4 |     3 |       ||     7
       Potion            |       |     1 |     1 ||     2
Armor: Scale mail        |    40 |    48 |       ||    88
       Plate armour      |       |    33 |    32 ||    65
Dodge: Dodged            |    41 |    63 |     9 ||   113
Block: Buckler           |    15 |    44 |    10 ||    69

Table legend: (Time is in decaauts)
 A = Elapsed time spent in this place.
 B = Non-inter-level travel time spent in this place.
 C = Inter-level travel time spent in this place.
 D = Time resting spent in this place.
 E = Time spent auto-exploring this place.
 F = Levels seen in this place.
 G = Mean time per level.
                   A        B        C        D        E       F      G
               +--------+--------+--------+--------+--------+-----+--------+
         Total |   5140 |   5072 |     68 |   1360 |   2865 |   5 | 1028.0 |
       Dungeon |   5140 |   5072 |     68 |   1360 |   2865 |   5 | 1028.0 |
               +--------+--------+--------+--------+--------+-----+--------+

Top non-repeatable levels by time:
     D:1: 1559 daAuts
     D:2: 1392 daAuts
     D:4: 1312 daAuts
     D:3: 704 daAuts
     D:5: 171 daAuts
